[Event "Fast Chess"]
[Site "ChessKid.com"]
[Date "2020.04.15"]
[Round "3"]
[White "Gross, Lukas"]
[Black "Rosenkranz, Benjamin"]
[Result "1-0"]
[ECO "A00"]
[WhiteElo "1164"]
[BlackElo "1144"]
[PlyCount "53"]
[EventDate "2020.??.??"]
[TimeControl "900"]
[WhiteClock "0:11:05"]
[BlackClock "0:12:09"]

1. g3 e5 2. Bg2 Nc6 3. Nh3 d6 4. O-O Nf6 5. c3 Bd7 6. e3 Qc8 7. Ng5 Bg4 8. f3 Be6 9. d4 exd4 10. exd4 Be7 11. d5 Nxd5 12. Nxe6 Qxe6 13. f4 Nb6 14. Re1 Qf6 15. b3 O-O 16. Qd2 d5 17. Bb2 Qg6 18.
c4 Rad8 19. cxd5 Nb8 20. Rxe7 Na8 21. Be4 Qg4 22. Qf2 Qd1+ 23. Kg2 Rd6 24. Bf3 Rb6 25. Bxd1 Rd8 26. Qd4 f5 27. Qxg7# {[%emt 0:00:02] RosyPopularArm
won by checkmate} 1-0

[Event "Fast Chess"]
[Site "ChessKid.com"]
[Date "2020.04.15"]
[Round "3"]
[White "Sasse, Gabriel"]
[Black "Li, Tobias"]
[Result "1/2-1/2"]
[ECO "C50"]
[WhiteElo "1228"]
[BlackElo "1248"]
[PlyCount "130"]
[EventDate "2020.??.??"]
[TimeControl "900"]
[WhiteClock "0:08:45"]
[BlackClock "0:11:33"]

1. e4 e5 2. Nf3 Nc6 3. Bc4 Bc5 4. O-O Nf6 5. Nxe5 Nxe5 6.
d4 Nxc4 7. dxc5 b6 8. cxb6 Nxb6 9. b3 Nxe4 10. Re1 d5 11. c4 O-O 12. cxd5 Qxd5 13. Qxd5 Nxd5 14. Rxe4 Bf5 15. Re5 Bxb1 16.
Rxd5 Rfe8 17. h3 Be4 18. Rd4 Bg6 19. Bg5 Re5 20. Rad1 h6 21.
Bf4 Ree8 22. Bxc7 Re2 23. Rd8+ Rxd8 24. Bxd8 Rxa2 25. Re1 Rb2 26. Re7 a6 27. Ra7 Rxb3 28. Rxa6 Rb1+ 29. Kh2 Rb2 30. Ra8 Kh7 31. Bh4 Be4 32. Ra7 g5 33. Rxf7+ Kg6 34. Re7 gxh4 35. Rxe4 Rxf2 36. Rxh4 Kg5 37. Ra4 Rf5 38. Kg3 h5 39. h4+ Kg6 40. Ra6+ Kg7 41. Ra7+ Kg6 42. Ra8 Kg7 43. Ra6 Rb5 44. Kh3 Rb3+ 45. g3 Rf3 46. Ra5 Kg6 47. Kg2 Rf6 48. Kh3 Rf3 49. Rg5+ Kh6 50. Rg8 Kh7 51. Re8 Rf7 52. Kg2 Rf6 53. Re4 Rf7 54. g4 Rg7 55. Kh3 hxg4+ 56. Rxg4 Rxg4 57. Kxg4 Kg6 58. h5+ Kh6 59. Kh4 Kh7 60. Kg5 Kg7 61.
h6+ Kh7 62. Kh5 Kh8 63. Kg6 Kg8 64. h7+ Kh8 65. Kf7 Kxh7 {[%emt 0:00:01]
Game drawn - insufficient material} 1/2-1/2

[Event "Fast Chess"]
[Site "ChessKid.com"]
[Date "2020.04.15"]
[Round "3"]
[White "Li, Patrick"]
[Black "Hlinka, Patricia"]
[Result "1/2-1/2"]
[ECO "C40"]
[WhiteElo "992"]
[BlackElo "952"]
[PlyCount "32"]
[EventDate "2020.??.??"]
[TimeControl "900"]
[WhiteClock "0:12:41"]
[BlackClock "0:12:40"]

1. e4 e5 2. Nf3 f6 3. Nc3 d6 4. Bb5+ c6 5. Bc4 g5 6. Bxg8 Rxg8 7. O-O Rh8 8.
Re1 a5 9. b3 c5 10. Nb5 Bd7 11. Nc3 Bc8 12. Nd5 Rg8 13. Nh4 gxh4 14. Qf3 Bg4 15. Qxf6 Qxf6 16. Nxf6+ Kf7 {[%emt 0:00:13] Game drawn by agreement} 1/2-1/2

[Event "Fast Chess"]
[Site "ChessKid.com"]
[Date "2020.04.15"]
[Round "4"]
[White "Rosenkranz, Benjamin"]
[Black "Georgiev, Maximilian"]
[Result "0-1"]
[ECO "B01"]
[WhiteElo "1141"]
[BlackElo "1374"]
[PlyCount "102"]
[EventDate "2020.??.??"]
[TimeControl "900"]
[WhiteClock "0:12:36"]
[BlackClock "0:10:14"]

1. e4 d5 2. e5 Nc6 3. Nf3 Bg4 4. Bb5 a6 5. Bxc6+ bxc6 6. O-O e6 7. h3 Bh5 8. Nc3 Be7 9. Qe1 Bxf3 10. gxf3 Bb4 11. a3 Ba5 12. b4 Bb6 13.
a4 Qg5+ 14. Kh1 Ne7 15. d4 Qg6 16. Be3 Qxc2 17. a5 Qxc3 18.
Rg1 Qxe1 19. Rgxe1 Ba7 20. Rg1 O-O 21. Bh6 Kh8 22. Bxg7+ Kg8 23. Bxf8+ Kxf8 24. Raf1 Bxd4 25. Rg4 Bxe5 26. Rh4 Kg8 27. Rg1+ Kh8 28. f4 Bd4 29. Rf1 Rg8 30. f5 Nxf5 31. Rh5 Rg6 32. f3 Ng3+ 33. Kg2 Nxh5+ 34. Kh2 Be5+ 35. Kh1 Ng3+ 36. Kg2 Nxf1+ 37. Kxf1 Bd6 38. Kf2 Bxb4 39. h4 Bxa5 40. h5 Rh6 41. Kg2 Rxh5 42. f4 Rf5 43. Kg3 c5 44. Kg4 Rf6 45. Kg5 Rg6+ 46. Kh5 c4 47. f5 exf5 48. Kh4 c3 49. Kh3 c2 50. Kh4 c1=Q 51. Kh3 Qh1# {[%emt 0:00:01] TallSnazzyBall won by checkmate} 0-1

[Event "Fast Chess"]
[Site "ChessKid.com"]
[Date "2020.04.15"]
[Round "4"]
[White "Li, Tobias"]
[Black "Hlinka, Patricia"]
[Result "1-0"]
[ECO "C41"]
[WhiteElo "1251"]
[BlackElo "950"]
[PlyCount "91"]
[EventDate "2020.??.??"]
[TimeControl "900"]
[WhiteClock "0:08:51"]
[BlackClock "0:10:05"]

1. e4 e5 2. Nf3 d6 3. Nc3 Na6 4. Be2 Nh6 5. O-O Bd7 6. h3 g6 7. d3 Rc8 8. Be3 Ra8 9. d4 Bg7 10. dxe5 dxe5 11. Bxh6 Bxh6 12. Nxe5 Bc8 13. Qxd8+ Kxd8 14. Nxf7+ Ke8 15. Nxh8 Bd7 16.
Bc4 Rb8 17. Nf7 Bf8 18. Rfe1 Rc8 19. Ne5 Be6 20. Nd7 Bxc4 21. Ne5 Bg8 22. Nf3 g5 23. Nxg5 Nb8 24. e5 a5 25. e6 h6 26. Nge4 Bxe6 27. Nc5 Rd8 28. Rxe6+ Kf7 29. Nxb7 Rc8 30. Ree1 h5 31. Nd5 c6 32. Nc3 c5 33. Nxa5 Na6 34. g4 h4 35. a3 Nb8 36. b4 cxb4 37. axb4 Rxc3 38. Red1 Bxb4 39. Rd8 Bxa5 40. Rxb8 Bc7 41. Rb7 Ke6 42. Ra6+ Kd7 43. Raa7 Rxh3 44. Rxc7+ Kd8 45. Rh7 Kc8 46.
Ra8# {[%emt 0:00:02] OnlyHungryKiwi won by checkmate} 1-0

[Event "Fast Chess"]
[Site "ChessKid.com"]
[Date "2020.04.15"]
[Round "4"]
[White "Hlinka, Patrick"]
[Black "Li, Patrick"]
[Result "1-0"]
[ECO "C23"]
[WhiteElo "1102"]
[BlackElo "987"]
[PlyCount "27"]
[EventDate "2020.??.??"]
[TimeControl "900"]
[WhiteClock "0:12:44"]
[BlackClock "0:13:08"]

1. e4 e5 2. Bc4 Qh4 3. g3 Qxe4+ 4. Qe2 Qxh1 5. Qh5 d5 6.
Bxd5 Qxd5 7. Nc3 g6 8. Qe2 Qd6 9. Nb5 Qc5 10. b4 Qb6 11.
Qxe5+ Qe6 12. Nxc7+ Kd7 13. Nxe6 fxe6 14. Qxh8 {
[%emt 0:00:02] GoldMusicalTaxi won by resignation} 1-0

[Event "Fast Chess"]
[Site "ChessKid.com"]
[Date "2020.04.16"]
[Round "1"]
[White "Georgiev, Maximilian"]
[Black "Li, Tobias"]
[Result "0-1"]
[ECO "C50"]
[WhiteElo "1384"]
[BlackElo "1266"]
[PlyCount "182"]
[EventDate "2020.??.??"]
[TimeControl "300+10"]
[WhiteClock "0:00:02"]
[BlackClock "0:02:23"]

1. e4 e5 2. Nf3 Nc6 3. Bc4 h6 4. O-O Nf6 5. Nc3 Bc5 6. h3 O-O 7. a3 a6 8. d3 d6 9. Be3 Bxe3 10. fxe3 Re8 11. b4 Be6 12. Bxe6 Rxe6 13. b5 Na5 14. bxa6 Rxa6 15. Qe1 Rb6 16. Nd5 Rb2 17. Nxf6+ Rxf6 18. Qxa5 Rxc2 19. Qe1 Rg6 20. Rf2 Rxf2 21. Qxf2 c5 22. d4 Qa5 23. dxc5 Qxc5 24. Nh4 Qc3 25. Nxg6 Qxa1+ 26. Kh2 fxg6 27. g4 Qxa3 28. h4 g5 29. h5 Qa6 30. Qg2 Qd3 31. Qa2+ Kh7 32. Qa7 Qxe4 33. Qb8 Qxe3 34. Qxb7 Qf4+ 35. Kh3 e4 36. Qb1 Qf3+ 37. Kh2 Kg8 38. Qa2+ Kh8 39. Qa8+ Kh7 40. Qe8 e3 41. Qg6+ Kg8 42. Qe8+ Kh7 43. Qg6+ Kg8 44. Qb1 e2 45. Qe1 d5 46. Kg1 d4 47. Kh2 d3 48.
Kg1 d2 49. Qxd2 Qf1+ 50. Kh2 e1=Q 51. Qxe1 Qxe1 52. Kg2 Qe2+ 53. Kg3 Qe3+ 54. Kh2 Qd2+ 55. Kg1 Qb2 56. Kf1 Qa2 57. Ke1 Qa1+ 58. Ke2 Qa2+ 59. Kd3 Qa1 60. Ke4 Qb2 61. Kd5 Qd2+ 62. Kc4 Qe3 63. Kb4 Qe6 64. Kc3 Qe4 65. Kb3 Qc6 66. Kb2 Qb7+ 67. Kc2 Qa7 68. Kd2 Qa6 69. Kc3 Qa5+ 70. Kd4 Qa6 71. Ke5 Qa7 72. Kd5 Qb7+ 73. Kc4 Qa8 74. Kd3 Qc8 75. Ke3 Qc7 76. Kd4 Qc6 77. Ke3 Qa8 78. Kd2 Qa5+ 79. Kc2 Qc5+ 80. Kb3 Qd5+ 81. Kb4 Qe6 82. Kc5 Qe7+ 83. Kd4 Qd7+ 84. Ke3 Qc6 85. Kf2 Qc4 86. Ke3 Qc3+ 87. Ke4 Qb3 88. Kf5 Qc3 89. Ke6 Qd4 90. Kf5 Qd5+ 91. Kg6 Qf7# {[%emt 0:00:10] OnlyHungryKiwi won by checkmate} 0-1

[Event "Fast Chess"]
[Site "ChessKid.com"]
[Date "2020.04.16"]
[Round "1"]
[White "Hlinka, Patrick"]
[Black "Horvath, Alexander"]
[Result "0-1"]
[ECO "C20"]
[WhiteElo "1118"]
[BlackElo "1301"]
[PlyCount "36"]
[EventDate "2020.??.??"]
[TimeControl "300+10"]
[WhiteClock "0:03:46"]
[BlackClock "0:03:00"]

1. e4 e5 2. Bc4 Nc6 3. Qh5 g6 4. Qf3 Nf6 5. d3 Nd4 6. Qd1 d6 7. Bg5 Be7 8. Bxf6 Bxf6 9. c3 Nc6 10. Bd5 O-O 11. Bxc6 bxc6 12. d4 exd4 13. cxd4 Re8 14. f3 d5 15. Qc2 Bxd4 16. a4 Ba6 17. Qxc6 Re6 18. Qxd5 Qxd5 {[%emt 0:00:12] KeenOrangeTeeth won by
resignation} 0-1

[Event "Fast Chess"]
[Site "ChessKid.com"]
[Date "2020.04.16"]
[Round "1"]
[White "Dai, Lana"]
[Black "Li, Patrick"]
[Result "0-1"]
[ECO "C55"]
[WhiteElo "1258"]
[BlackElo "1062"]
[PlyCount "96"]
[EventDate "2020.??.??"]
[TimeControl "300+10"]
[WhiteClock "0:01:27"]

1. e4 e5 2. Nf3 Nc6 3. Nc3 Nf6 4. Bc4 Bc5 5. a3 a6 6. d3 b5 7. Bd5 Nxd5 8. Nxd5 O-O 9. Bg5 Qe8 10. Nxc7 Qe6 11. Nxe6 dxe6 12. O-O h6 13. Bh4 Nd4 14. Nxd4 Bxd4 15. c3 Bb6 16. Be7 Re8 17. Bd6 f6 18. d4 exd4 19. cxd4 Rd8 20. Be7 Rd7 21. Bb4 Bxd4 22. Qg4 Bxb2 23. Ra2 Be5 24. Rd1 Rxd1+ 25. Qxd1 Bb7 26. Re2 Bc6 27. g3 Rc8 28. f4 Bb8 29. Bd6 Ba7+ 30. Kh1 Rd8 31. Rc2 Be8 32. Rc7 Bb8 33. Re7 Bxd6 34. Rxe6 Bc7 35. Qb3 Bf7 36. f5 Bxe6 37. Qxe6+ Kh7 38. Qf7 Rg8 39. Qxc7 Re8 40. Qd7 Rxe4 41. Qd5 Re1+ 42. Kg2 Re2+ 43. Kf3 Rc2 44. Qe4 Rc3+ 45. Ke2 Rc8 46. Qg4 Kg8 47. Qg6 Kf8 48. Qe8+ Rxe8+ {[%emt 0:00:11] WideClassyQuiz won on time
} 0-1

[Event "Fast Chess"]
[Site "ChessKid.com"]
[Date "2020.04.16"]
[Round "1"]
[White "Hlinka, Patricia"]
[Black "Sasse, Gabriel"]
[Result "0-1"]
[ECO "A40"]
[WhiteElo "943"]
[BlackElo "1259"]
[PlyCount "66"]
[EventDate "2020.??.??"]
[TimeControl "300+10"]
[WhiteClock "0:02:58"]
[BlackClock "0:02:25"]

1. d4 e5 2. dxe5 Nc6 3. c4 Nxe5 4. b3 Qf6 5. Qc2 Bc5 6. e4 Bb4+ 7. Kd1 Qd6+ 8. Ke2 Qd4 9. Nh3 Bc5 10. Bb2 Qd6 11. Bxe5 Qxe5 12. Nc3 Bb4 13. Nd1 Qxa1 14. Nb2 Qxa2 15. c5 Ba3 16. b4 Bxb2 17. e5 Qa6+ 18. Kf3 Qa2 19. Qe4 c6 20. Ng5 b6 21. cxb6 Bb7 22. bxa7 Rxa7 23. Nh3 c5 24. bxc5 Bxe4+ 25. Kxe4 Qc4+ 26. Kf5 Qxc5 27. Kg4 Qxe5 28. Ng5 Ra4+ 29. Kh5 Ra5 30. Kh4 Qxg5+ 31. Kh3 Ra3+ 32. f3 Be5 33. Rg1 Qh5# {[%emt 0:00:12] LimeFarActor won by
checkmate} 0-1

[Event "Fast Chess"]
[Site "ChessKid.com"]
[Date "2020.04.16"]
[Round "2"]
[White "Horvath, Alexander"]
[Black "Sasse, Gabriel"]
[Result "1-0"]
[ECO "C50"]
[WhiteElo "1314"]
[BlackElo "1252"]
[PlyCount "49"]
[EventDate "2020.??.??"]
[TimeControl "300+10"]
[WhiteClock "0:03:34"]
[BlackClock "0:02:42"]

1. e4 e5 2. Nf3 Nc6 3. Nc3 Nf6 4. Bc4 h6 5. d3 Bc5 6. Be3 Bxe3 7. fxe3 O-O 8. Qe2 Ne8 9. O-O-O Nb8 10. Nxe5 Qf6 11. d4 Qg5 12. Bxf7+ Rxf7 13. Nxf7 Kxf7 14. Rhf1+ Kg8 15. Nd5 Nc6 16. Qc4 Kh7 17. g3 Nf6 18. Nxf6+ gxf6 19. Qf7+ Kh8 20. Rxf6 Qxe3+ 21. Kb1 Nb4 22. a3 Na6 23. Ka2 Qxe4 24. Rxh6+ Qh7 25. Rxh7# {[%emt 0:00:11] KeenOrangeTeeth won by checkmate
} 1-0

[Event "Fast Chess"]
[Site "ChessKid.com"]
[Date "2020.04.16"]
[Round "2"]
[White "Li, Tobias"]
[Black "Halimi, Dorian"]
[Result "1-0"]
[ECO "C55"]
[WhiteElo "1268"]
[BlackElo "904"]
[PlyCount "41"]
[EventDate "2020.??.??"]
[TimeControl "300+10"]
[WhiteClock "0:03:13"]
[BlackClock "0:03:33"]

1. e4 e5 2. Nf3 Nc6 3. Nc3 d6 4. Bc4 Nf6 5. Ng5 g6 6. Nxf7 Qe7 7. Nxh8 b5 8. Bxb5 Bb7 9. Bc4 Nb4 10. a3 Nc6 11. O-O O-O-O 12. Nf7 Ng4 13. Qxg4+ Rd7 14. Be6 Qf6 15. Bxd7+ Kb8 16. Ng5 h6 17. Nh7 Bg7 18. Nxf6 Bxf6 19. Qxg6 Bg5 20. Qe8+ Bc8 21. Qxc8# {
[%emt 0:00:11] OnlyHungryKiwi won by checkmate} 1-0

[Event "Fast Chess"]
[Site "ChessKid.com"]
[Date "2020.04.16"]
[Round "2"]
[White "Hlinka, Patrick"]
[Black "Dai, Lana"]
[Result "0-1"]
[ECO "C20"]
[WhiteElo "1113"]
[BlackElo "1263"]
[PlyCount "44"]
[EventDate "2020.??.??"]
[TimeControl "300+10"]
[WhiteClock "0:02:15"]
[BlackClock "0:01:09"]

1. e4 e5 2. Bc4 Nc6 3. Qh5 g6 4. Qf3 Nf6 5. g4 Nd4 6. Qc3 Bc5 7. b4 Bb6 8. g5 Ng4 9. Qg3 Nxc2+ 10. Kd1 Nxa1 11. Qxg4 d6 12. Qf3 O-O 13. Bb2 Qxg5 14. Bxa1 Bg4 15. Ke2 Bxf3+ 16. Kxf3 Qh5+ 17. Kg2 Qg4+ 18. Kf1 Qd1+ 19. Kg2 Qxb1 20. Bc3 Qxe4+ 21. f3 Qxc4 22. Ne2 Qxe2+ {[%emt 0:
00:11] TopBrownCave won by resignation} 0-1

[Event "Fast Chess"]
[Site "ChessKid.com"]
[Date "2020.04.16"]
[Round "3"]
[White "Li, Tobias"]
[Black "Horvath, Alexander"]
[Result "0-1"]
[ECO "C42"]
[WhiteElo "1261"]
[BlackElo "1326"]
[PlyCount "68"]
[EventDate "2020.??.??"]
[TimeControl "300+10"]
[WhiteClock "0:02:32"]
[BlackClock "0:02:47"]

1. e4 e5 2. Nf3 Nf6 3. Nxe5 d6 4. Nf3 Nxe4 5. d3 Nf6 6.
Qe2+ Be6 7. Qd1 Be7 8. Be2 O-O 9. O-O Nc6 10. Nc3 d5 11.
Bg5 h6 12. Bh4 Nd7 13. Bxe7 Qxe7 14. d4 Nf6 15. Bb5 a6 16. Ba4 b5 17. Bb3 Rab8 18. Re1 a5 19. a3 a4 20. Ba2 Qd6 21. h3 Rbe8 22. b3 axb3 23.
Bxb3 b4 24. a4 bxc3 25. Ne5 Nxe5 26. dxe5 Qe7 27. exf6 Qxf6 28. Bxd5 Bxd5 29. Rxe8 Rxe8 30. Qxd5 Rd8 31.
Qc4 Kh7 32. Qxc7 Rd2 33. Rc1 Qxf2+ 34. Kh1 Qxg2# {[%emt 0:00:11] KeenOrangeTeeth won by checkmate} 0-1

[Event "Fast Chess"]
[Site "ChessKid.com"]
[Date "2020.04.16"]
[Round "3"]
[White "Georgiev, Maximilian"]
[Black "Hlinka, Patricia"]
[Result "1-0"]
[ECO "C40"]
[WhiteElo "1387"]
[BlackElo "942"]
[PlyCount "67"]
[EventDate "2020.??.??"]
[TimeControl "300+10"]
[WhiteClock "0:02:18"]
[BlackClock "0:03:14"]

1. e4 e5 2. Nf3 f6 3. Bc4 Nh6 4. O-O Nc6 5. a3 a5 6. Nc3 a4 7. d3 Nb8 8. Bb5 c6 9. Bxa4 b5 10. Bb3 Ke7 11. Bxh6 gxh6 12. h3 h5 13. Nd2 Bh6 14. Ndb1 Bf8 15. Qxh5 Kd6 16. Qf7 Bh6 17. Qh5 Bd2 18. Nxd2 Rg8 19. Qxh7 Rh8 20. Qf5 Ke7 21. Qf3 Ke8 22. a4 bxa4 23. Bxa4 Kf8 24. Bb3 Rxa1 25. Rxa1 Rg8 26. Bxg8 Kxg8 27. Qf5 d6 28. Qh5 c5 29. Qg6+ Kh8 30. Nd5 Nc6 31. Nxf6 Qc7 32. Nc4 Nd4 33. Nxd6 Qxd6 34. Qh7# {[%emt 0:00:11]
TallSnazzyBall won by checkmate} 1-0

[Event "Fast Chess"]
[Site "ChessKid.com"]
[Date "2020.04.16"]
[Round "3"]
[White "Halimi, Dorian"]
[Black "Dai, Lana"]
[Result "0-1"]
[ECO "C55"]
[WhiteElo "899"]
[BlackElo "1265"]
[PlyCount "30"]
[EventDate "2020.??.??"]
[TimeControl "300+10"]
[WhiteClock "0:03:52"]
[BlackClock "0:04:04"]

1. e4 e5 2. Nf3 Nc6 3. Bc4 h6 4. Nc3 Nf6 5. Nb5 a6 6. Nc3 Bc5 7. d3 d6 8. O-O Bg4 9. Bd2 Nd4 10. Qe1 Nxf3+ 11. gxf3 Bxf3 12. Nd5 Nxd5 13. Bxd5 c6 14. Bc4 Qh4 15. a3 Qg4# {[%emt 0:00:13] TopBrownCave
won by checkmate} 0-1

[Event "Fast Chess"]
[Site "ChessKid.com"]
[Date "2020.04.16"]
[Round "4"]
[White "Horvath, Alexander"]
[Black "Georgiev, Maximilian"]
[Result "1-0"]
[ECO "B01"]
[WhiteElo "1342"]
[BlackElo "1378"]
[PlyCount "61"]
[EventDate "2020.??.??"]
[TimeControl "300+10"]
[WhiteClock "0:03:07"]
[BlackClock "0:01:27"]

1. e4 d5 2. exd5 Qxd5 3. Nc3 Qd8 4. Nf3 Nf6 5. Bc4 e6 6. d3 Be7 7. Bf4 O-O 8. O-O a6 9. Qe2 h6 10. d4 b5 11. Bb3 Bb7 12. a3 Nbd7 13.
Rfe1 c6 14. Kh1 Nh5 15. Bd2 c5 16. dxc5 Nxc5 17. Ng1 Nxb3 18. cxb3 Nf6 19. Red1 Qc7 20. Nh3 Qc6 21. f3 Nh5 22. g4 Nf6 23.
Rf1 Nxg4 24. Qg2 Nf6 25. Bxh6 Nh5 26. Rae1 Kh8 27. Re5 gxh6 28. Rxh5 Kh7 29. Rg1 Rg8 30. Qc2+ Kh8 31. Rxh6# {
[%emt 0:00:13] KeenOrangeTeeth won by checkmate} 1-0

[Event "Fast Chess"]
[Site "ChessKid.com"]
[Date "2020.04.16"]
[Round "4"]
[White "Dai, Lana"]
[Black "Sasse, Gabriel"]
[Result "1/2-1/2"]
[ECO "C55"]
[WhiteElo "1265"]
[BlackElo "1256"]
[PlyCount "29"]
[EventDate "2020.??.??"]
[TimeControl "300+10"]
[WhiteClock "0:04:38"]
[BlackClock "0:04:13"]

1. e4 e5 2. Nf3 Nc6 3. Nc3 Nf6 4. Bc4 h6 5. a3 Bc5 6. h3 O-O 7. d3 Ne8 8. Nd5 d6 9. O-O Nf6 10. Nxf6+ Qxf6 11. Bd5 Qg6 12. Nh4 Qf6 13. Nf3 Qg6 14. Nh4 Qf6 15. Nf3 {[%emt 0:00:11] Game drawn by repetition} 1/2-1/2

[Event "Fast Chess"]
[Site "ChessKid.com"]
[Date "2020.04.16"]
[Round "4"]
[White "Hlinka, Patricia"]
[Black "Li, Tobias"]
[Result "0-1"]
[ECO "B02"]
[WhiteElo "940"]
[BlackElo "1263"]
[PlyCount "76"]
[EventDate "2020.??.??"]
[TimeControl "300+10"]
[WhiteClock "0:02:10"]
[BlackClock "0:00:16"]

1. e4 e5 2. d3 Nf6 3. f3 Nc6 4. b4 Bxb4+ 5. c3 Ba5 6. a4 O-O 7. Ba3 Re8 8. Nd2 Bxc3 9. Rc1 Bxd2+ 10. Kxd2 Nd4 11. Rc4 d5 12. Rc1 dxe4 13. fxe4 Bg4 14. Qe1 Nb3+ 15. Kc2 Nxc1 16. Qxc1 Qd7 17. h3 Qc6+ 18. Kb1 Qxc1+ 19. Kxc1 Bh5 20. Be2 Bxe2 21. Nxe2 Red8 22. Bb2 Rxd3 23. Ng3 Rxg3 24. Rf1 Nxe4 25. Re1 Rxg2 26. Rxe4 Re8 27. Re1 e4 28. h4 e3 29. h5 e2 30. a5 Rf2 31. Ba1 Rf1 32. Rxf1 exf1=Q+ 33. Kd2 Qxa1 34. Kd3 Qxa5 35. Kc2 Qa3 36. Kb1 Re3 37. Kc2 Re2+ 38.
Kb1 Qb2# {[%emt 0:00:15] OnlyHungryKiwi won by checkmate} 0-1

[Event "Fast Chess"]
[Site "ChessKid.com"]
[Date "2020.04.16"]
[Round "4"]
[White "Halimi, Dorian"]
[Black "Hlinka, Patrick"]
[Result "1-0"]
[ECO "C23"]
[WhiteElo "932"]
[BlackElo "1101"]
[PlyCount "63"]
[EventDate "2020.??.??"]
[TimeControl "300+10"]
[WhiteClock "0:00:44"]
[BlackClock "0:01:00"]

1. e4 e5 2. Nf3 Bc5 3. Bc4 d6 4. Ng5 Qxg5 5. O-O d5 6. Bxd5 c6 7. Bc4 Bg4 8. Qe1 Bf3 9. g3 Nh6 10. d3 Ng4 11. Bxg5 f6 12. Bh4 g5 13.
Bxg5 fxg5 14. h3 Nf6 15. g4 b5 16. Be6 Ke7 17. Bf5 Na6 18.
Qa5 Nb4 19. Qc7+ Kf8 20. c3 Nc2 21. Rd1 Nxa1 22. Rc1 h5 23.
Qxc6 hxg4 24. Qxa8+ Kg7 25. Qc6 gxh3 26. Kh2 Bxf2 27. Rf1 Ng4+ 28. Bxg4 Bxg4 29. Rxf2 Bd1 30. Qf6+ Kh7 31.
Qf7+ Kh6 32. Rf6# {[%emt 0:00:13]
FullMagentaEclipse won by checkmate} 1-0

[Event "Fast Chess"]
[Site "ChessKid.com"]
[Date "2020.04.17"]
[Round "1"]
[White "Georgiev, Maximilian"]
[Black "Hlinka, Patrick"]
[Result "1-0"]
[ECO "C42"]
[WhiteElo "1342"]
[BlackElo "1131"]
[PlyCount "21"]
[EventDate "2020.??.??"]
[TimeControl "300"]
[WhiteClock "0:04:12"]
[BlackClock "0:04:30"]

1. e4 e5 2. Nf3 Nf6 3. Nxe5 Nxe4 4. Qe2 f5 5. f3 d6 6. fxe4 dxe5 7. exf5 g6 8. fxg6 hxg6 9. Qxe5+ Kf7 10. Qxh8 Bg7 11. Qxd8 {
[%emt 0:00:03] TallSnazzyBall won by resignation} 1-0

[Event "Fast Chess"]
[Site "ChessKid.com"]
[Date "2020.04.17"]
[Round "1"]
[White "Li, Patrick"]
[Black "Li, Tobias"]
[Result "0-1"]
[ECO "C50"]
[WhiteElo "1065"]
[BlackElo "1326"]
[PlyCount "76"]
[EventDate "2020.??.??"]
[TimeControl "300"]
[WhiteClock "0:02:05"]
[BlackClock "0:00:13"]

1. e4 e5 2. Nf3 Nc6 3. Nc3 Nf6 4. Bc4 h6 5. O-O Bc5 6. h3 O-O 7. d3 d6 8. Bb5 a6 9. Bxc6 bxc6 10. Re1 d5 11. exd5 cxd5 12. Rxe5 d4 13.
Rxc5 dxc3 14. bxc3 Nd7 15. Rc6 Nb8 16. Ba3 Nxc6 17. Bxf8 Qxf8 18. Qe2 Be6 19. Ne5 Nxe5 20. Qxe5 Qd6 21. Qe4 Qd5 22. Qb4 Rf8 23. Rb1 Qxa2 24. Ra1 Qxa1+ 25. Kh2 Qa2 26. Qe7 Qxc2 27. Qxc7 Qxd3 28. Qa7 Qe2 29. Qb6 Qd3 30. c4 Qxc4 31. Qe3 a5 32. Qe5 Qa6 33. Qc7 a4 34. Qc3 a3 35. Qa1 a2 36. Qb2 a1=Q 37. Qxa1 Qxa1 38. Kg3 Qe5+ {[%emt 0:00:02] OnlyHungryKiwi won on time} 0-1

[Event "Fast Chess"]
[Site "ChessKid.com"]
[Date "2020.04.17"]
[Round "1"]
[White "Sasse, Gabriel"]
[Black "Halimi, Dorian"]
[Result "0-1"]
[ECO "C00"]
[WhiteElo "1266"]
[BlackElo "1077"]
[PlyCount "96"]
[EventDate "2020.??.??"]
[TimeControl "300"]
[WhiteClock "0:02:00"]
[BlackClock "0:02:07"]

1. e4 e6 2. Nf3 Nc6 3. Bc4 Nf6 4. Ng5 Qe7 5. Nxf7 Qxf7 6.
O-O Be7 7. Be2 O-O 8. e5 Nxe5 9. Bh5 Nxh5 10. Nc3 b6 11. Nb5 Ba6 12. Nxc7 Bxf1 13. Nxa8 Rxa8 14. Qxf1 Rf8 15. Qe2 Bc5 16. h3 Qxf2+ 17. Qxf2 Bxf2+ 18. Kh2 Nc4 19. b3 Ne5 20. Ba3 Rf4 21.
Bd6 Bg3+ 22. Kg1 Rf5 23. Bxe5 Rxe5 24. d4 Re4 25. c3 Re3 26. Rc1 Re2 27. a4 d6 28. Kf1 Rf2+ 29. Kg1 Nf4 30. Re1 Nd3 31. Ra1 Rc2 32. Rb1 Rxc3 33. Kf1 Rc2 34. Rd1 Rf2+ 35. Kg1 Nf4 36. Rc1 Nxg2 37. Rc8+ Kf7 38. Rc7+ Kf6 39. Rxa7 Ne3 40. Ra8 h6 41. Rc8 e5 42. Rc3 Rf3 43. Rc6 exd4 44. Rxb6 d3 45. Rb8 d2 46. Rf8+ Ke5 47. Rxf3 d1=Q+ 48. Rf1 Qxf1# {[%emt 0:00:04]
FullMagentaEclipse won by checkmate} 0-1

[Event "Fast Chess"]
[Site "ChessKid.com"]
[Date "2020.04.17"]
[Round "2"]
[White "Halimi, Dorian"]
[Black "Georgiev, Maximilian"]
[Result "1-0"]
[ECO "A00"]
[WhiteElo "1092"]
[BlackElo "1330"]
[PlyCount "61"]
[EventDate "2020.??.??"]
[TimeControl "300"]
[WhiteClock "0:02:23"]
[BlackClock "0:02:23"]

1. e3 e5 2. Nf3 Nc6 3. Nc3 Nf6 4. Bb5 d6 5. Bxc6+ bxc6 6.
d3 d5 7. Nxe5 Be7 8. Nxc6 Qd6 9. Nxe7 Qxe7 10. Qe2 O-O 11. e4 dxe4 12. dxe4 Bb7 13. f3 Qd6 14. O-O Ba6 15. Nb5 Bxb5 16. Qxb5 Qd4+ 17. Kh1 a6 18. Qb7 Qc5 19. a4 Qxc2 20. Qb4 Rfd8 21. Bg5 Rd6 22. Bxf6 Rxf6 23. h4 Rg6 24. Rg1 Rh6 25. g3 Rd6 26. Rac1 Qf2 27. Qb7 Qxf3+ 28. Rg2 Re8 29. Qxc7 Rdd8 30. Kh2 Rc8 31. Qxc8 {
[%emt 0:00:06] FullMagentaEclipse won by resignation} 1-0

[Event "Fast Chess"]
[Site "ChessKid.com"]
[Date "2020.04.17"]
[Round "2"]
[White "Li, Tobias"]
[Black "Sasse, Gabriel"]
[Result "0-1"]
[ECO "C50"]
[WhiteElo "1317"]
[BlackElo "1276"]
[PlyCount "118"]
[EventDate "2020.??.??"]
[TimeControl "300"]
[WhiteClock "0:02:13"]
[BlackClock "0:00:43"]

1. e4 e5 2. Nf3 Nc6 3. Nc3 Nf6 4. Bc4 h6 5. O-O Bc5 6. d3 O-O 7. Re1 d6 8. Be3 Bxe3 9. Rxe3 Nd4 10. h3 Ne8 11. Nb5 Qf6 12. Nbxd4 exd4 13. Nxd4 Qxd4 14. c3 Qf6 15. Bb3 b6 16. Bd5 Rb8 17. Rf3 Qd8 18.
Qb3 Nf6 19. Bc4 Be6 20. Bxe6 fxe6 21. Qxe6+ Kh8 22. Qb3 Nd7 23. Rxf8+ Qxf8 24. Re1 Ne5 25. Re3 Qf6 26. Qd5 Rf8 27. Re2 Nxd3 28. Qxd3 Qg5 29. Re3 Qh4 30. Rf3 Rxf3 31. Qxf3 Qg5 32. Qf8+ Kh7 33. Qf5+ Qxf5 34. exf5 g6 35. fxg6+ Kxg6 36. Kh2 Kf5 37. g4+ Kf4 38. Kg2 d5 39. f3 c5 40. Kf2 d4 41. cxd4 cxd4 42. Ke2 d3+ 43.
Kxd3 Kxf3 44. b4 Kg3 45. a4 Kxh3 46. a5 bxa5 47. bxa5 Kxg4 48. Kc4 h5 49. Kb5 h4 50. Kc6 h3 51. Kb7 h2 52. Kxa7 h1=Q 53.
Kb6 Qg1+ 54. Kb5 Qb1+ 55. Ka4 Kf4 56. a6 Ke4 57. Ka5 Kd5 58.
a7 Kc5 59. a8=Q Qb5# {
[%emt 0:00:02] LimeFarActor won by checkmate} 0-1